 Dungeon Crawl Stone Soup version 0.31-a0-1074-g0b22e4e0f1 (webtiles) character file.

Game seed: 4261578384782310549

619 bmb222 the Ruffian (level 7, -1/43 HPs)
             Began as an Octopode Shapeshifter on Nov 28, 2023.
             Slain by a water moccasin (9 damage)
             ... on level 5 of the Dungeon.
             The game lasted 00:06:39 (4073 turns).

bmb222 the Ruffian (Octopode Shapeshifter)          Turns: 4073, Time: 00:06:40

Health: -1/43      AC:  1    Str: 12 (15) XL:     7   Next: 46%
Magic:  7/7        EV: 13    Int: 10 (13) God:
Gold:   220        SH:  0    Dex:  9 (11) Spells: 6/6 levels left

rFire   . .          .
                       - Unarmed
rCold   . . .        (no shield)
rNeg    . . .        (helmet currently unavailable)
rPois   .            (no amulet)
rElec   .            (no ring)
rCorr   .            (no ring)
SInv    .            (no ring)
Will    .....        (no ring)
Stlth   ++++         (no ring)
HPRegen 0.27/turn    (no ring)
MPRegen 0.10/turn    (no ring)
                     (no ring)

%: no passive effects
@: beast-form, hasted, very quick
A: beast (slay +2), almost no armour, amphibious, 8 rings, camouflage 1,
gelatinous body 1, (nimble swimmer 1), tentacles
a: Begin Untransformation


You were on level 5 of the Dungeon.
You were a hulking beast.
You visited 1 branch of the dungeon, and saw 6 of its levels.

You collected 220 gold pieces.

Inventory:

Missiles
 a - 2 throwing nets
Armour
 e - a scarf of repulsion
 f - a +0 helmet
Jewellery
 d - an amulet of magic regeneration
Talismans
 b - a beast talisman
 c - a flux talisman
Wands
 t - a wand of acid (5)
 u - a wand of flame (20)
Scrolls
 i - a scroll of blinking
 l - 2 scrolls of silence
 m - a scroll of torment {unknown}
 n - 2 scrolls of identify
 o - 3 scrolls of butterflies {unknown}
 r - a scroll of teleportation {unknown}
 s - a scroll of immolation {unknown}
Potions
 j - a potion of attraction
 k - 2 potions of resistance


   Skills:
 + Level 1.5 Fighting
 + Level 2.9 Dodging
 * Level 4.9 Stealth
 * Level 6.4 Unarmed Combat
 + Level 0.5 Evocations
 * Level 3.8 Shapeshifting


You had 6 spell levels left.
You didn't know any spells.
Your spell library contained the following spells:

 Spells                   Type           Power      Damage    Failure   Level
 Sandblast                Erth           0%         2d4       36%         1
 Passwall                 Tmut/Erth      0%         N/A       50%         2
 Stone Arrow              Conj/Erth      0%         3d7       75%         3
 Brom's Barrelling Bould  Conj/Erth      0%         2d3       98%         4


Dungeon Overview and Level Annotations

Branches:
Dungeon (6/15)
 Temple: D:4-7

Altars:

Shops:
D:1 *[?*[


Innate Abilities, Weirdness & Mutations

You are a hulking beast.
Your limbs bulge with bestial killing power. (Slay +2)
You cannot wear most types of armour.
You are amphibious.
You can wear up to eight rings at the same time.
Your skin changes colour to match your surroundings (Stealth+).
Your rubbery body absorbs attacks. (AC +1, EV +1)
((You are camouflaged when in or above water. (Stealth+)))
You have tentacles for arms and can constrict up to eight enemies at once.


Message History

You climb upwards.
There is a stone staircase leading down, spattered with blood here.
You closely miss the orc. You grab the orc. You squeeze the orc.
The orc is heavily wounded.
You constrict the orc. The water moccasin bites you.
You tentacle-slap the orc.
You kill the orc!
The water moccasin closely misses you.
You closely miss the water moccasin. Your grab misses the water moccasin.
The water moccasin bites you!
You are lethally poisoned!
The water moccasin poisons you!
You bludgeon the water moccasin! Your grab misses the water moccasin.
Your squeeze misses the water moccasin.
The water moccasin is moderately wounded.
* * * LOW HITPOINT WARNING * * *
You feel very sick. The water moccasin bites you.
* * * LOW HITPOINT WARNING * * *
It was a potion of degeneration.
There was something very wrong with that liquid.
You feel weakened.
You feel dopey.
You feel clumsy.
* * * LOW HITPOINT WARNING * * *
You feel very sick. The water moccasin bites you.
* * * LOW HITPOINT WARNING * * *
The water moccasin misses you.
It was a potion of curing.
You feel better. The water moccasin closely misses you.
As you read the scroll of fear, it crumbles to dust.
You assume a fearsome visage.
The water moccasin looks frightened!
It was a potion of haste.
You feel yourself speed up.
Cornered, the water moccasin turns to fight!
The water moccasin bites you.
* * * LOW HITPOINT WARNING * * *
You closely miss the water moccasin. You grab the water moccasin.
The water moccasin is moderately wounded.
You constrict the water moccasin, but do no damage.
The water moccasin bites you!
You die...

.### ####### ##### .# ...#
##.....## ....# #.####.###
##.......# .#.## #.#S.....#
#......... ##.#######
#.#.h....###.........
.........####.#..................
#..#####.........................
#.###............................
..# #................)#..........
### #................>#..........
..###...............)[#..........
..............[.......#..........
....#.......[.........#..........


You could see a water moccasin.

Vanquished Creatures
  A bullfrog (D:5)
  2 scorpions
  A wight (D:5)
  2 hounds
  A jelly (D:5)
  An orc priest (D:5)
  An iguana (D:4)
  3 orc wizards (D:5)
  4 gnolls (D:5)
  6 adders
  A white imp (D:5)
  2 dart slugs (D:1)
  A worm (D:2)
  6 orcs (D:5)
  6 ball pythons
  3 bats
  3 endoplasms
  A giant cockroach (D:4)
  5 goblins
  4 hobgoblins
  2 jackals (D:4)
  4 kobolds (D:3)
  5 quokkas
  3 frilled lizards (D:2)
  8 rats
76 creatures vanquished.

Notes
Turn   | Place    | Note
-------+----------+-------------------------------------------
     0 | D:1      | bmb222 the Octopode Shapeshifter began the quest for the
                  | Orb.
     0 | D:1      | Reached XP level 1. HP: 13/13 MP: 1/1
   118 | D:1      | Found Osorch's General Store.
   218 | D:1      | Reached XP level 2. HP: 18/18 MP: 2/2
   288 | D:1      | Found Ytwymmu's Antique Armour Shoppe.
   297 | D:1      | Reached skill level 1 in Stealth
   613 | D:1      | Found Kooxapse's Assorted Antiques.
   770 | D:1      | Found Elixzoax's Magic Scroll Emporium.
   821 | D:1      | Found Ixtaqe's Antique Armour Emporium.
   970 | D:2      | Reached XP level 3. HP: 23/23 MP: 3/3
  1129 | D:2      | Reached skill level 4 in Unarmed Combat
  1509 | D:3      | Noticed a scorpion
  1518 | D:3      | Killed a scorpion
  1519 | D:3      | Reached XP level 4. HP: 11/28 MP: 4/4
  1867 | D:3      | Reached XP level 5. HP: 20/33 MP: 5/5
  2062 | D:4      | Reached skill level 5 in Unarmed Combat
  2491 | D:4      | Noticed a black bear
  2958 | D:5      | Entered Level 5 of the Dungeon
  2972 | D:5      | Reached XP level 6. HP: 20/38 MP: 6/6
  3612 | D:5      | Reached skill level 6 in Unarmed Combat
  3616 | D:5      | Reached XP level 7. HP: 25/43 MP: 7/7
  4063 | D:5      | HP: 1/43 [water moccasin (5)]
  4073 | D:5      | Slain by a water moccasin

Illustrated notes

Levels and vault maps discovered:
D:1:      dpeg_arrival_round_a, layout_basic, serial_shops,
          nicolae_shop_tiny_statue_garden, shop, shop,
          nicolae_shop_rolling_square, shop
D:2:      layout_rooms
D:3:      layout_rooms, kennysheep_generic_room_14
D:4:      layout_basic
D:5:      black_bear_nest_1, layout_rooms
D:6:      layout_cave_pools, bh_walls_and_bars

Skill      XL: |  1  2  3  4  5  6 |
---------------+-------------------+-----
Stealth        | 1 2 3 4 |  4.9
Unarmed Combat | 4 5 6 |  6.4
Fighting       | |  1.5
Dodging        | |  2.9
Evocations     | |  0.5
Shapeshifting  | |  3.8

Action                     |  1- 3 |  4- 6 |  7- 9 || total
---------------------------+-------+-------+-------++-------
  Melee: Unarmed           |    69 |    69 |    24 ||   162
         Tentacles         |    16 |    10 |     8 ||    34
         Constrict         |    15 |    13 |     7 ||    35
         Punch             |     1 |     3 |       ||     4
  Evoke: Wand              |       |     8 |       ||     8
    Use: Scroll            |       |     5 |     1 ||     6
         Potion            |       |     1 |     3 ||     4
   Stab: Sleeping          |     7 |     4 |       ||    11
 Armour: Skin              |    22 |    66 |    22 ||   110
  Dodge: Dodged            |    32 |    29 |    15 ||    76

Table legend: (Time is in decaauts)
 A = Elapsed time spent in this place.
 B = Non-inter-level travel time spent in this place.
 C = Inter-level travel time spent in this place.
 D = Time resting spent in this place.
 E = Time spent auto-exploring this place.
 F = Levels seen in this place.
 G = Mean time per level.
                   A        B        C        D        E       F      G
               +--------+--------+--------+--------+--------+-----+--------+
         Total |   4059 |   3951 |    108 |    872 |   2323 |   6 |  676.5 |
       Dungeon |   4059 |   3951 |    108 |    872 |   2323 |   6 |  676.5 |
               +--------+--------+--------+--------+--------+-----+--------+

Top non-repeatable levels by time:
     D:5: 1095 daAuts
     D:4: 906 daAuts
     D:1: 904 daAuts
     D:2: 662 daAuts
     D:3: 477 daAuts
     D:6: 13 daAuts
